Map: Orbital Shipyard

Players

SortOf

  • Race: Zerg Zerg
  • League: Grandmaster

Lilbow - Winner!

  • Race: Protoss Protoss
  • League: Grandmaster

Event: 2016 WCS Winter Circuit Championship

VOD

https://www.youtube.com/watch?v=3zHZEyCuepY

Description

Time

  • Played on: March 2, 2016, 10:36 a.m.
  • Length: 10:42

All games in this series

Show
View Real Time Build Order
Export as new Build Order

SortOf Zerg 

Build Orders: Pool First, Lurkers 

Get SALT Encoding   

  12  0:18  Spawning Pool  
  11  0:21  Drone  
  11  0:26  Drone  
  13  0:30  Drone  
  14  0:40  Overlord  
  14  1:05  Zergling x6  
  17  1:16  Zergling x2  
  18  1:19  Hatchery  
  17  1:27  Zergling x2  
  18  1:34  Queen  
  18  1:38  Zergling x2  
  21  1:48  Overlord  
  21  2:00  Drone  
  21  2:10  Drone  
  22  2:18  Queen  
  22  2:21  Extractor  
  22  2:22  Drone  
  24  2:33  Drone x2  
  25  2:43  Drone  
  25  2:51  Drone  
  25  2:54  Drone  
  25  2:55  Drone x3  
  29  3:00  Drone  
  28  3:08  Drone  
  29  3:14  Drone  
  30  3:23  Hatchery, Drone x2  
  30  3:24  Drone  
  32  3:30  Overlord  
  32  3:34  Drone x2  
  32  3:36  Drone  
  32  3:40  Metabolic Boost  
  35  3:47  Zergling x2  
  35  3:48  Overlord  
  36  3:50  Zergling x2  
  36  3:55  Queen  
  37  3:57  Drone  
  37  3:59  Drone  
  37  4:00  Drone  
  42  4:03  Drone  
  42  4:08  Roach Warren  
  42  4:12  Drone x2  
  42  4:14  Drone x2  
  46  4:17  Overlord  
  46  4:23  Drone  
  46  4:24  Drone  
  48  4:25  Extractor  
  47  4:32  Drone x3  
  50  4:41  Extractor  
  50  4:42  Spore Crawler  
  48  4:48  Roach x4  
  48  4:49  Overlord  
  48  4:52  Roach  
  58  4:53  Drone x2  
  60  5:00  Drone  
  60  5:01  Evolution Chamber, Drone  
  60  5:02  Overlord  
  61  5:08  Roach x3  
  61  5:11  Drone x3  
  70  5:16  Drone  
  70  5:17  Overlord  
  70  5:20  Overlord  
  71  5:25  Lair  
  71  5:26  Drone  
  71  5:28  Drone  
  73  5:31  Drone x2  
  73  5:33  Drone  
  73  5:34  Drone  
  77  5:36  Overlord  
  77  5:38  Drone  
  78  5:44  Drone, Zerg Ground Armor Level 1  
  78  5:45  Drone  
  78  5:46  Drone  
  78  5:48  Drone  
  84  5:50  Roach  
  84  5:52  Roach  
  86  5:57  Extractor  
  86  5:58  Extractor, Drone x2  
  86  5:59  Roach  
  86  6:00  Roach  
  86  6:03  Evolution Chamber x2  
  88  6:06  Evolution Chamber, Overlord  
  88  6:07  Drone  
  88  6:10  Drone  
  90  6:12  Drone  
  90  6:16  Drone  
  90  6:17  Drone  
  93  6:20  Extractor, Overlord  
  93  6:24  Drone  
  93  6:25  Overlord  
  95  6:26  Hydralisk Den, Glial Reconstitution  
  95  6:29  Drone x7  
  101  6:33  Overseer  
  101  6:38  Zergling x8  
  105  6:43  Queen  
  107  6:48  Zergling x14  
  113  6:56  Lurker Den  
  113  6:57  Hydralisk x3  
  113  6:59  Overlord  
  119  7:03  Overlord  
  119  7:12  Ravager x2  
  119  7:13  Overlord  
  121  7:17  Hydralisk x4  
  129  7:24  Hydralisk x2  
  133  7:31  Hatchery, Hydralisk x3  
  133  7:35  Overseer  
  138  7:41  Hydralisk x4  
  146  7:50  Overlord x2  
  146  7:52  Overlord  
  144  8:03  Hydralisk x2  
  144  8:05  Overlord x2  
  145  8:07  Overlord  
  145  8:10  Zergling x2  
  145  8:11  Zergling x10  
  142  8:14  Hydralisk  
  142  8:16  Hydralisk  
  136  8:21  Hydralisk x2  
  136  8:22  Hydralisk x4  
  136  8:23  Zergling x2  
  136  8:26  Hydralisk  
  128  8:32  Hydralisk  
  118  8:40  Zergling x2  
  118  8:41  Zergling x6  
  116  8:45  Lurker x3  
  116  8:47  Zergling x2  
  116  8:48  Zergling x4  
  122  8:52  Drone x2  
  124  8:58  Drone  
  125  9:03  Lurker x2  
  125  9:05  Drone x2  
  125  9:07  Drone x2  
  131  9:10  Zergling x6  
  131  9:13  Drone x2  
  134  9:25  Drone x5  
  137  9:31  Overlord  
  137  9:33  Zergling x10  
  139  9:42  Queen  
  139  9:44  Extractor  
  140  9:45  Spine Crawler  
  140  9:47  Hydralisk x3  
  140  9:48  Zergling x4  
  122  9:58  Hydralisk x2  
  122  9:59  Zergling x2  
  107  10:00  Zergling x8  
  107  10:03  Hydralisk  
Show
View Real Time Build Order
Export as new Build Order

Lilbow Protoss - Winner!

Build Orders: 1 Gate Expand 

Get SALT Encoding   

  12  0:00  Probe (Chrono Boost)  
  13  0:11  Probe (Chrono Boost)  
  14  0:17  Pylon  
  14  0:21  Probe (Chrono Boost)  
  15  0:35  Probe (Chrono Boost)  
  16  0:36  Gateway  
  16  0:42  Assimilator  
  16  0:46  Probe (Chrono Boost)  
  17  0:56  Probe (Chrono Boost)  
  18  1:07  Probe (Chrono Boost)  
  19  1:18  Nexus  
  19  1:28  Cybernetics Core  
  19  1:31  Probe (Chrono Boost)  
  20  1:36  Assimilator  
  20  1:41  Probe (Chrono Boost)  
  21  1:47  Pylon  
  23  2:06  Mothership Core  
  22  2:27  Zealot (Chrono Boost)  
  21  2:30  Pylon  
  21  2:44  Probe  
  22  2:49  Probe  
  23  2:56  Probe  
  24  3:02  Probe  
  25  3:08  Probe  
  26  3:13  Probe (Chrono Boost)  
  26  3:18  Twilight Council  
  27  3:20  Probe (Chrono Boost)  
  27  3:23  Warp Gate (Chrono Boost)  
  27  3:25  Probe (Chrono Boost)  
  29  3:31  Probe (Chrono Boost)  
  30  3:35  Probe (Chrono Boost)  
  31  3:41  Probe (Chrono Boost)  
  31  3:46  Probe (Chrono Boost)  
  33  3:52  Probe (Chrono Boost)  
  33  3:54  Resonating Glaives  
  34  3:56  Probe (Chrono Boost)  
  36  4:03  Probe (Chrono Boost)  
  36  4:07  Gateway, Probe (Chrono Boost)  
  37  4:10  Gateway  
  37  4:13  Probe (Chrono Boost)  
  37  4:16  Probe (Chrono Boost)  
  38  4:18  Gateway  
  39  4:24  Probe  
  39  4:26  Probe  
  41  4:36  Probe x2  
  41  4:37  Nexus  
  43  4:39  Pylon  
  43  4:46  Assimilator  
  43  4:47  Probe  
  43  4:48  Probe  
  43  4:49  Assimilator  
  43  4:52  Pylon  
  45  4:58  Probe  
  46  5:00  Probe  
  46  5:07  Pylon  
  47  5:09  Probe (Chrono Boost)  
  47  5:13  Probe (Chrono Boost)  
  49  5:17  Adept x4  
  49  5:20  Probe (Chrono Boost)  
  58  5:23  Probe (Chrono Boost)  
  59  5:29  Blink (Chrono Boost)  
  59  5:31  Probe (Chrono Boost)  
  59  5:34  Probe (Chrono Boost)  
  61  5:38  Adept x3  
  61  5:39  Adept  
  61  5:41  Probe (Chrono Boost)  
  70  5:48  Probe x2 (Chrono Boost)  
  72  5:52  Probe (Chrono Boost)  
  72  5:56  Robotics Facility  
  73  5:58  Probe x2  
  73  6:01  Pylon  
  73  6:04  Probe  
  76  6:05  Stalker  
  78  6:12  Probe x2  
  78  6:15  Stalker x2  
  78  6:16  Probe  
  85  6:20  Assimilator  
  85  6:23  Probe x2  
  87  6:30  Gateway  
  87  6:35  Gateway  
  87  6:37  Gateway x2  
  87  6:43  Warp Prism (Chrono Boost), Pylon  
  87  6:44  Stalker  
  87  6:45  Stalker  
  93  6:50  Pylon  
  93  6:51  Pylon  
  93  7:02  Gateway, Stalker x2  
  93  7:03  Pylon  
  93  7:05  Pylon  
  97  7:08  Stalker  
  97  7:09  Stalker  
  97  7:15  Observer (Chrono Boost)  
  102  7:27  Pylon  
  102  7:33  Stalker x6  
  102  7:37  Pylon, Stalker x2  
  118  8:05  Stalker x8  
  128  8:06  Stalker  
  104  8:30  Stalker x5  
  104  8:31  Stalker x4  
  104  8:32  Warp Prism (Chrono Boost)  
  86  8:49  Gateway  
  86  8:53  Adept  
  86  8:54  Adept x7  
  86  8:55  Adept  
  104  9:16  Adept x8  
  104  9:17  Adept  
  122  9:28  Observer (Chrono Boost)  
  123  9:37  Adept  
  123  9:38  Adept x8  
  137  9:46  Observer (Chrono Boost)  
  122  10:00  Stalker x2  
  122  10:01  Adept x4  
  122  10:02  Adept x2  
  122  10:03  Stalker  
  122  10:04  Stalker  
Tags
 
Add a new tag
Caveats
  • Supply blocks, unpowered buildings, or Contaminate may cause inaccurate times.
  • Supply counts are checked every 10 seconds.